 Dungeon Crawl Stone Soup version 0.20-a0-1089-g3fde505 (webtiles) character file.

203 Alarkh the Chopper (level 5, -3/41 HPs)
             Began as a Demonspawn Berserker on May 3, 2017.
             Was a Follower of Trog.
             Slain by a hobgoblin (5 damage)
             ... on level 2 of the Dungeon.
             The game lasted 00:00:50 (1259 turns).

Alarkh the Chopper (Demonspawn Berserker)           Turns: 1259, Time: 00:00:50

Health: -3/41      AC:  2    Str: 17    XL:     5   Next: 51%
Magic:  5/5        EV: 12    Int:  9    God:    Trog [*.....]
Gold:   18         SH:  0    Dex: 13    Spells: 4/4 levels left

rFire    . . .     SeeInvis .   a - +0 hand axe
rCold    . . .     Gourm    .   (no shield)
rNeg     . . .     Faith    .   b - +0 animal skin
rPois    .         Spirit   .   (helmet restricted)
rElec    .         Reflect  .   (no cloak)
rCorr    .         Harm     .   (no gloves)
MR       .....                  (no boots)
Stlth    ++........             (no amulet)
Regen    0.2/turn               (no ring)
MPRegen  0.1/turn               (no ring)

@: slowed, very slow
A: antennae 1, nightstalker 1
a: Berserk, Burn Spellbooks, Renounce Religion


You were on level 2 of the Dungeon.
You worshipped Trog.
Trog was aware of your devotion.
You were hungry.

You visited 1 branch of the dungeon, and saw 2 of its levels.

You collected 18 gold pieces.

Inventory:

Hand Weapons
 a - a +0 hand axe (weapon)
Armour
 b - a +0 animal skin (worn)
Jewellery
 h - an uncursed ring of magical power {unknown}
Scrolls
 d - a scroll of teleportation
 e - a scroll of identify
 g - a scroll of amnesia {unknown}
Potions
 f - a potion of brilliance {unknown}
Comestibles
 c - a bread ration
 j - a meat ration


   Skills:
 - Level 3.0 Fighting
 + Level 5.7 Axes
 - Level 1.7 Armour
 - Level 1.7 Dodging


You had 4 spell levels left.
You didn't know any spells.

Dungeon Overview and Level Annotations

Branches:
Dungeon (2/15)

Altars:


Innate Abilities, Weirdness & Mutations

You have a pair of small antennae on your head.
You are slightly more attuned to the shadows.


Message History

* * * LOW HITPOINT WARNING * * *
You slash the gnoll!
You kill the gnoll!
Trog accepts your kill.
You barely miss the goblin.
The gnoll hits you from afar with a halberd.
* * * LOW HITPOINT WARNING * * *
Unknown command.
You closely miss the hobgoblin. You closely miss the goblin.
You are no longer berserk.
You are exhausted.
You feel yourself slow down. The gnoll barely misses you.
The goblin hits you with a club.
* * * LOW HITPOINT WARNING * * *
Unknown command.
As you read the scroll labeled RUPRIE WATOK, it crumbles to dust.
It is a scroll of identify.
d - a scroll of teleportation The hobgoblin hits you.
You die...

......... ...#.#..##
........ #.....#
#.#...g.###..#########
....gg)).....#.......#
#@# #.#####.## ##g##
#.#####... #).†#
##.##.....# #)).#
#........## #...#
#........# #...#
#.###.#.## #.(.#
#........#
#####...#####..#.....#
...............#..#..##


You could see 2 gnolls, a hobgoblin and a goblin.

Vanquished Creatures
  Sigmund (D:2)
  Robin (D:2)
  A gnoll (D:2)
  A giant cockroach (D:1)
  9 goblins
  4 hobgoblins
  A kobold (D:1)
  A quokka (D:2)
  A ball python (D:1)
  2 bats
  3 rats (D:1)
25 creatures vanquished.

Notes
Turn   | Place    | Note
-------+----------+-------------------------------------------
     0 | D:1      | Alarkh the Demonspawn Berserker began the quest for the Orb.
     0 | D:1      | Reached XP level 1. HP: 18/18 MP: 1/1
   394 | D:1      | Reached skill level 3 in Axes
   740 | D:1      | Gained mutation: You are slightly more attuned to the shadows. [demonic ancestry]
   740 | D:1      | Reached XP level 2. HP: 24/24 MP: 2/2
  1010 | D:2      | Noticed Sigmund
  1019 | D:2      | Killed Sigmund
  1019 | D:2      | Reached skill level 5 in Axes
  1019 | D:2      | Gained mutation: You have a pair of small antennae on your head. [demonic ancestry]
  1019 | D:2      | Reached XP level 3. HP: 25/29 MP: 3/3
  1019 | D:2      | Reached XP level 4. HP: 30/35 MP: 4/4
  1019 | D:2      | Reached XP level 5. HP: 36/41 MP: 5/5
  1239 | D:2      | Noticed Robin
  1256 | D:2      | Killed Robin
  1258 | D:2      | HP: 2/41 [goblin/club[Robin] (2)]
  1259 | D:2      | Slain by a hobgoblin

Vault maps used:
D:1:      lemuel_arrival_lava_pool
D:2:      uniq_sigmund, uniq_robin

Skill      XL: |  1  2 |
---------------+-------+-----
Axes           | 3 5 |  5.7
Fighting       | |  3.0
Armour         | |  1.7
Dodging        | |  1.7

Action                   |  1- 3 |  4- 6 || total
-------------------------+-------+-------++-------
Melee: Hand axe          |    36 |    14 ||    50
Invok: Berserk           |     1 |     1 ||     2
  Use: Scroll            |       |     1 ||     1
 Stab: Sleeping          |     5 |       ||     5
  Eat: Chunk             |       |     2 ||     2
Armor: Animal skin       |    11 |     2 ||    13
Dodge: Dodged            |    22 |    15 ||    37
